 Dungeon Crawl Stone Soup version 0.13-b1-23-g6bc71ad (webtiles) character file.

970 Czerbonog the Skirmisher (level 8, -5/51 HPs)
             Began as a Gargoyle Fighter on Oct 2, 2013.
             Slain by an ogre
             ... wielding a +0,+0 giant spiked club
              (20 damage)
             ... on Level 6 of the Dungeon.
             The game lasted 00:21:29 (4582 turns).

Czerbonog the Skirmisher (Gargoyle Fighter)         Turns: 4582, Time: 00:21:29

HP  -5/51        AC 15     Str 20      XL: 8   Next: 10%
MP   7/7         EV  9     Int 11      God:
Gold 46          SH 18     Dex  9      Spells:  0 memorised,  7 levels left

Res.Fire  : . . .   See Invis. : .   z - +0,+1 dwarf mace
Res.Cold  : . . .   Warding    : .   b - +0 scale mail
Life Prot.: + . .   Conserve   : .   c - +0 shield
Res.Poison: +       Res.Corr.  : .   (no helmet)
Res.Elec. : +       Clarity    : .   y - +0 cloak
Sust.Abil.: . .     Spirit.Shd : .   j - +0 pair of gauntlets
Res.Mut.  : +       Stasis     : .   E - +0 pair of boots
Res.Rott. : +       Flight     : .   r - amulet of resist mutation
Saprovore : . . .                    v - +3 ring of evasion
                                     m - ring of sustenance

@: slightly resistant to hostile enchantments, extremely unstealthy
A: fangs 1, talons 2, life protection 1, electricity resistance, slow metabolism
1, unbreathing, petrification resistance, AC +5
a: no special abilities


You were on level 6 of the Dungeon.
You were not hungry.

You visited 1 branch of the dungeon, and saw 6 of its levels.

You collected 208 gold pieces.
You spent 182 gold pieces at shops.

Inventory:

Hand weapons
 a - a +1,+0 mace
 z - a +0,+1 dwarven mace (weapon)
Armour
 b - a +0 scale mail (worn)
 c - a +0 shield (worn)
 j - a +0 pair of gauntlets (worn)
 y - a +0 cloak (worn)
 E - a +0 pair of boots (worn)
Magical devices
 x - a wand of paralysis (9)
Comestibles
 d - 8 bread rations
 f - 5 meat rations
 o - a snozzcumber
 t - 2 pears
 G - a rotting chunk of giant newt flesh
 H - a rotting chunk of hound flesh
 I - a choko
 J - a chunk of rat flesh
Scrolls
 h - 2 scrolls of enchant armour
 k - 6 scrolls of teleportation
 l - 3 scrolls of remove curse
 n - 6 scrolls of identify
 p - a scroll of recharging
 q - a scroll of magic mapping
 w - a scroll of fear
 A - a scroll of fog {unknown}
Jewellery
 m - a ring of sustenance (left hand)
 r - an amulet of resist mutation (around neck)
 v - a +3 ring of evasion (right hand)
 C - a +2 ring of protection
 F - an uncursed amulet of faith
Potions
 g - a potion of brilliance {unknown}
 i - a potion of might {unknown}
 s - 2 potions of flight {unknown}
 u - a potion of invisibility
 B - a potion of berserk rage {unknown}


   Skills:
 + Level 7.3 Fighting
 - Level 6.0 Maces & Flails
 - Level 3.2 Armour
 - Level 3.2 Shields
 * Level 4.4 Unarmed Combat


You had 7 spell levels left.
You didn't know any spells.

Dungeon Overview and Level Annotations

Branches:
Dungeon (6/27)
 Temple: D:4-7          Orc: D:6-11

Altars:
Cheibriados
Makhleb
Zin

Shops:
D:4 ?[?}=

Annotations:
D:6 Pikel


Innate Abilities, Weirdness & Mutations

You are resistant to torment.
You are immune to poison.
Your stone body is very resilient (AC +5).
You have very sharp teeth.
You have razor-sharp toenails.
You resist negative energy.
You are resistant to electric shocks.
You have a slow metabolism.
You can survive without breathing.
You are immune to petrification.


Message History

You hit the ogre.
The ogre is heavily wounded.
The ogre hits you with a giant spiked club!
Your scale mail prevents you from hitting the ogre.
The ogre is heavily wounded.
You block the ogre's attack.
You hit the ogre.
The ogre is heavily wounded.
The ogre hits you with a giant spiked club!
* * * LOW HITPOINT WARNING * * *
Drink which item? (? for menu, Esc to quit)
You feel better.
You hit the ogre.
The ogre is severely wounded.
The ogre hits you with a giant spiked club.
* * * LOW HITPOINT WARNING * * *
You sock the ogre!
The ogre is almost dead.
The ogre hits you with a giant spiked club!
You die...

#..........# #......#
############ #<#.####
############ #.#.#
...........# ###.#.#
.........#.#####.....#
#..#####..#%#..≈..#.#.#
#..#?%(#...)..###.#.#.#
##..#?%)#..#####
#.#.#.# ....#?[)#..O@#
#.#.#.# .#..#####.[#.#
#.#...# ............#.#
#.#.### .........?..#[#
#.#.## #.#.##..#####(#
#....# #.. #.# ##.#..#
#.. #.####.#...# #..
#.....###.<#
##..##########.#...#


You could see an ogre.

Vanquished Creatures
  A necrophage (D:6)
  2 slaves (D:6)
  A sky beast (D:6)
  An ogre (D:4)
  A giant frog (D:6)
  3 crimson imps
  2 hounds
  2 jellies (D:6)
  A scorpion (D:5)
  2 orc wizards
  2 worker ants (D:5)
  7 adders
  A giant mite (D:2)
  6 worms
  2 giant eyeballs (D:5)
  2 oozes
  13 orcs
  A giant cockroach (D:1)
  11 goblins
  12 hobgoblins
  4 jackals (D:4)
  2 quokkas
  A ball python (D:4)
  14 bats
  6 giant geckos
  A giant gecko skeleton (D:5)
  3 giant newts
  A goblin zombie (D:5)
  7 kobolds
  An orc skeleton (D:5)
  14 rats
  A rat skeleton (D:4)
128 creatures vanquished.

Notes
Turn   | Place    | Note
--------------------------------------------------------------
     0 | D:1      | Czerbonog, the Gargoyle Fighter, began the quest for the Orb.
     0 | D:1      | Reached XP level 1. HP: 14/14 MP: 0/0
   281 | D:1      | Reached XP level 2. HP: 17/19 MP: 1/1
   457 | D:1      | Reached skill level 4 in Fighting
   810 | D:2      | Reached XP level 3. HP: 24/24 MP: 2/2
  1541 | D:2      | Reached XP level 4. HP: 29/29 MP: 3/3
  2014 | D:3      | Reached skill level 5 in Fighting
  2197 | D:3      | Reached XP level 5. HP: 34/34 MP: 4/4
  2213 | D:3      | Found a glowing silver altar of Zin.
  2213 | D:3      | Noticed an angel
  2686 | D:4      | Noticed an ogre
  2696 | D:5      | Entered Level 5 of the Dungeon
  2767 | D:5      | Reached skill level 6 in Fighting
  2767 | D:5      | Reached XP level 6. HP: 38/40 MP: 5/5
  2792 | D:5      | Paralysed by a giant eyeball for 2 turns
  2797 | D:5      | Paralysed by a giant eyeball for 2 turns
  2821 | D:5      | Paralysed by a giant eyeball for 4 turns
  3310 | D:5      | Reached skill level 5 in Maces & Flails
  3405 | D:6      | Noticed Pikel
  3481 | D:4      | Found Vali's Jewellery Shop.
  3511 | D:4      | Found Kairul's Gadget Emporium.
  3520 | D:4      | Found Stryutaac's Antique Armour Shop.
  3522 | D:4      | Found Unackuup's Magic Scroll Shop.
  3546 | D:4      | Bought a pair of ichor-stained boots for 182 gold pieces
  3550 | D:4      | Identified the cursed -3 pair of boots of Analysis {Acc-3} (You bought it in a shop on level 4 of the Dungeon)
  3644 | D:4      | Found a burning altar of Makhleb.
  3656 | D:4      | Found a snail-covered altar of Cheibriados.
  3707 | D:4      | Reached XP level 7. HP: 40/44 MP: 6/6
  3856 | D:4      | Found Shogump's Magic Scroll Shoppe.
  3889 | D:4      | Killed an ogre
  4240 | D:6      | Noticed a necrophage
  4252 | D:6      | Killed a necrophage
  4259 | D:6      | Reached skill level 7 in Fighting
  4464 | D:6      | Reached XP level 8. HP: 41/51 MP: 7/7
  4507 | D:6      | Paralysed by you for 4 turns
  4582 | D:6      | Slain by an ogre

Action                   |  1- 3 |  4- 6 |  7- 9 || total
-------------------------+-------+-------+-------++-------
Melee: Mace              |    82 |   287 |   129 ||   498
Evoke: Wand              |       |       |     2 ||     2
  Use: Scroll            |     2 |    15 |       ||    17
       Potion            |     1 |     2 |     1 ||     4
